 Dungeon Crawl Stone Soup version 0.19.5 (webtiles) character file.

749 spiff the Magician (level 7, -10/52 HPs)
             Began as a Mummy Wizard on Apr 5, 2017.
             Engulfed by a cloud of flame (30 damage)
             ... on level 5 of the Dungeon.
             The game lasted 00:28:27 (8638 turns).

spiff the Magician (Mummy Wizard)                   Turns: 8638, Time: 00:28:28

Health: -10/52     AC:  2    Str: 11    XL:     7   Next: 48%
Magic:  7/13       EV: 12    Int: 19    God:
Gold:   246        SH:  0    Dex: 10    Spells: 4 memorised, 5 levels left

rFire  x . .     SeeInvis .     j - +6 dagger
rCold  + . .     Gourm    .     a - +0 robe
rNeg   + + +     Faith    .     (no shield)
rPois  ∞         Spirit   .     b - +0 hat
rElec  .         Reflect  .     (no cloak)
rCorr  .         Harm     .     (no gloves)
MR     .....                    (no boots)
Stlth  ++........               (no amulet)
                                (no ring)
                                (no ring)

@: very slightly contaminated
A: no food or potions, fire vulnerability, cold resistance 1, negative energy
resistance 3, torment resistance, unbreathing
a: no special abilities


You were on level 5 of the Dungeon.
You were not hungry.

You visited 1 branch of the dungeon, and saw 5 of its levels.

You collected 246 gold pieces.

Inventory:

Hand Weapons
 j - a +6 dagger (weapon)
Armour
 a - a +0 robe (worn)
 b - a +0 hat (worn)
Wands
 d - a wand of hasting (4/9)
Scrolls
 e - 2 scrolls of remove curse
 f - a scroll of enchant armour
 g - a scroll of teleportation
 h - 2 scrolls of noise
 i - a scroll of recharging
Books
 c - a book of Minor Magic

   Spells                             Type                      Level
   a - Magic Dart                     Conjuration                  1
   b - Blink                          Translocation                2
   c - Call Imp                       Summoning                    2
   d - Repel Missiles                 Charms/Air                   2
   e - Slow                           Hexes                        2
   f - Conjure Flame                  Conjuration/Fire             3
   g - Mephitic Cloud                 Conjuration/Poison/Air       3


   Skills:
 + Level 3.1 Fighting
 + Level 3.0 Dodging
 - Level 1.5 Stealth
 - Level 4.2 Spellcasting
 - Level 4.0 Conjurations
   Level 0.7 Summonings
 - Level 0.7 Translocations
 - Level 1.0 Air Magic
 - Level 2.2 Poison Magic


You had 5 spell levels left.
You knew the following spells:

 Your Spells              Type           Power        Failure   Level  Hunger
a - Magic Dart            Conj           ###.         2%          1    N/A
b - Mephitic Cloud        Conj/Pois/Air  ##......     17%         3    N/A
c - Conjure Flame         Conj/Fire      ##......     17%         3    N/A
d - Blink                 Tloc           N/A          17%         2    N/A

Dungeon Overview and Level Annotations

Branches:
Dungeon (5/15)
 Temple: D:4-7

Altars:
Makhleb
Okawaru
Ru
Xom

Shops:
D:5 [

Annotations:
D:3 Grinder


Innate Abilities, Weirdness & Mutations

You do not eat or drink.
Your flesh is vulnerable to fire.
You are immune to poison.
Your flesh is cold resistant. (rC+)
You are immune to negative energy. (rN+++)
You are immune to unholy pain and torment.
You can survive without breathing.


Message History

The ice beast freezes you! You resist.
You hit the ice beast but do no damage. The ice beast hits you.
The ice beast freezes you. You resist.
Casting: Magic Dart
Confirm with . or Enter, or press ? or * to list all spells.
Aiming: Conjure Flame
Press: ? - help, Dir - move target cursor You miscast Conjure Flame.
You are very lightly contaminated with residual magic.
Wisps of smoke drift from your hands. The ice beast hits you.
The ice beast freezes you! You resist.
Casting: Conjure Flame
Confirm with . or Enter, or press ? or * to list all spells.
Aiming: Conjure Flame
Press: ? - help, Dir - move target cursor The fire roars!
The ice beast hits you. The ice beast freezes you. You resist.
Really walk into that cloud of flame?
You are engulfed in roaring flames.
Ouch! That really hurt!
You die...

#.# ##########
###.#
#........#####....
#.######.##.##....
#.######.#........
#.##..........#...
#.##.###.#...###.#
#.# # #.##.## #.#
#@##.###.#### #.#
#..Y...... +#
#########. . .#


You could see an ice beast.

Vanquished Creatures
  3 big kobolds (D:4)
  Blork the orc (D:4)
  A crimson imp (D:5)
  3 hounds
  An orc wizard (D:3)
  Jessica (D:3)
  7 gnolls (D:4)
  4 adders
  An ooze (D:4)
  An adder skeleton (D:4)
  4 worms
  4 dart slugs
  2 leopard geckos
  8 orcs
  6 giant cockroaches
  40 goblins
  21 hobgoblins
  5 jackals
  2 quokkas (D:3)
  5 ball pythons
  5 bats
  7 frilled lizards
  15 kobolds
  5 rats
152 creatures vanquished.

Notes
Turn   | Place    | Note
-------+----------+-------------------------------------------
     0 | D:1      | spiff the Mummy Wizard began the quest for the Orb.
     0 | D:1      | Reached XP level 1. HP: 13/13 MP: 4/4
   232 | D:1      | Reached skill level 1 in Conjurations
   567 | D:1      | Reached XP level 2. HP: 8/19 MP: 0/6
  1723 | D:1      | Reached XP level 3. HP: 16/24 MP: 2/8
  2454 | D:2      | Reached XP level 4. HP: 30/30 MP: 0/9
  2714 | D:3      | Noticed Grinder
  2767 | D:3      | Learned a level 3 spell: Mephitic Cloud
  2771 | D:3      | Learned a level 3 spell: Conjure Flame
  2774 | D:3      | Learned a level 2 spell: Blink
  2776 | D:3      | You fall through a shaft!
  2976 | D:3      | Found a shimmering altar of Xom.
  2978 | D:3      | Found a sacrificial altar of Ru.
  3078 | D:3      | Noticed an orc warrior
  3839 | D:3      | Noticed Jessica
  3848 | D:3      | Killed Jessica
  3870 | D:3      | Reached XP level 5. HP: 17/35 MP: 3/11
  4589 | D:3      | Found a burning altar of Makhleb.
  4871 | D:4      | Reached skill level 1 in Air Magic
  4968 | D:4      | Found an iron altar of Okawaru.
  5119 | D:4      | Reached skill level 1 in Poison Magic
  6099 | D:4      | Reached XP level 6. HP: 41/41 MP: 5/12
  7091 | D:4      | Reached skill level 1 in Fighting
  7091 | D:4      | Reached XP level 7. HP: 45/48 MP: 8/13
  7435 | D:4      | Noticed Blork the orc
  7934 | D:4      | Killed Blork the orc
  8215 | D:5      | Entered Level 5 of the Dungeon
  8518 | D:5      | Found Hing's Armour Shop.
  8638 | D:5      | Engulfed by a cloud of flame

Skill      XL: |  1  2  3  4  5  6  7 |
---------------+----------------------+-----
Conjurations   | 1 2 3 4 |  4.0
Spellcasting   | 4 |  4.2
Air Magic      | 1 |  1.0
Poison Magic   | 1 2 |  2.2
Fighting       | 1 3 |  3.1
Dodging        | 2 3 |  3.0
Stealth        | |  1.5
Summonings     | |  0.7
Translocations | |  0.7

Action                   |  1- 3 |  4- 6 |  7- 9 || total
-------------------------+-------+-------+-------++-------
Melee: Unarmed           |     8 |       |       ||     8
       Dagger            |    22 |   100 |   107 ||   229
 Cast: Magic Dart        |    94 |   141 |    36 ||   271
       Mephitic Cloud    |       |    11 |     6 ||    17
       Conjure Flame     |       |       |     1 ||     1
  Use: Scroll            |       |     9 |     2 ||    11
 Stab: Confused          |       |     3 |     4 ||     7
       Sleeping          |       |     1 |       ||     1
Armor: Robe              |    16 |    13 |     8 ||    37
Dodge: Dodged            |    62 |    74 |    38 ||   174
